 Dungeon Crawl Stone Soup version 0.29.1-2-gbd0b4ee654 (webtiles) character file.

Game seed: 18391103182760554289

39 fireball365 the Chopper (level 3, -1/33 HPs)
             Began as a Hill Orc Fighter on Oct 30, 2022.
             Slain by an adder (2 damage)
             ... on level 2 of the Dungeon.
             The game lasted 00:03:55 (1328 turns).

fireball365 the Chopper (Hill Orc Fighter)          Turns: 1328, Time: 00:03:57

Health: -1/33      AC:  9    Str: 20    XL:     3   Next: 47%
Magic:  3/3        EV:  7    Int:  8    God:
Gold:   38         SH:  4    Dex: 10    Spells: 2/2 levels left

rFire   . . .      SeeInvis .   a - +0 war axe
rCold   . . .      Faith    .   c - +0 buckler
rNeg    . . .      Spirit   .   h - +0 chain mail
rPois   .          Reflect  .   (no helmet)
rElec   .          Harm     .   (no cloak)
rCorr   .          Rampage  .   (no gloves)
Will    .....                   (no boots)
Stlth   ..........              (no amulet)
HPRegen 0.11/turn               (no ring)
MPRegen 0.08/turn               (no ring)

@: no status effects
A: no striking features
a: no special abilities


You were on level 2 of the Dungeon.
You visited 1 branch of the dungeon, and saw 2 of its levels.

You collected 38 gold pieces.

Inventory:

Hand Weapons
 a - a +0 war axe (weapon)
Missiles
 f - 22 stones (quivered)
Armour
 b - a +0 scale mail
 c - a +0 buckler (worn)
 h - a +0 chain mail (worn)
 m - a +0 pair of gloves
Scrolls
 g - 2 scrolls of blinking {unknown}
 i - a scroll of poison {unknown}
 j - a scroll of amnesia {unknown}
 l - a scroll of teleportation {unknown}
 n - a scroll of identify {unknown}
 o - a scroll of enchant weapon {unknown}
Potions
 d - a potion of might
 e - 2 potions of ambrosia {unknown}
 k - a potion of curing {unknown}


   Skills:
 - Level 3.7 Fighting
 * Level 4.3 Axes
 + Level 3.8 Armour
 - Level 3.3 Shields


You had 2 spell levels left.
You didn't know any spells.
Your spell library was empty.

Dungeon Overview and Level Annotations

Branches:
Dungeon (2/15)

Altars:


Message History

You slash the worm!
The worm is heavily wounded.
You hit the adder but do no damage. You block the adder's attack.
The worm bites you but does no damage. The adder bites you but does no damage.
You barely miss the worm.
The worm is moderately wounded.
You hit the adder. The adder completely misses you.
The worm bites you but does no damage. The adder barely misses you.
You hit the worm.
The worm is severely wounded.
You miss the adder. You block the adder's attack.
The worm bites you but does no damage.
You slash the worm!
The worm is almost dead.
You closely miss the adder. The adder closely misses you.
The adder barely misses you. The worm bites you.
You slash the worm!
You kill the worm!
You closely miss the adder. The adder barely misses you. The adder bites you.
You are poisoned.
The adder poisons you!
You feel sick.
You see here a worm corpse.
You feel sick. The worm bites you!
* * * LOW HITPOINT WARNING * * *
The adder attacks as you move away! The adder bites you but does no damage.
* * * LOW HITPOINT WARNING * * *
You feel sick. The adder bites you but does no damage.
You closely miss the adder.
The adder is severely wounded.
* * * LOW HITPOINT WARNING * * *
You feel sick. You block the adder's attack.
You miss the adder.
The adder is severely wounded.
You hit the worm.
* * * LOW HITPOINT WARNING * * *
You feel sick.
You are no longer poisoned.
The adder bites you.
You die...

..........##
##.>........
#..........# ##
#..........# .
#........?.###.
.#..........##.#########
........w.).##..8.......
#...>@S††.##.......8⌠.
##......#....#######8.
#.......#####.....:.##..
#######.# #.###.#.##.8
#.. .)# #.##.. ### #...
#..... .... ##...#
....#. #.... (....#.
....#..


You could see a worm and an adder.

Vanquished Creatures
  An adder (D:2)
  A worm (D:2)
  5 ball pythons
  3 endoplasms
  2 giant cockroaches
  2 goblins
  3 hobgoblins
  2 quokkas (D:1)
  A bat (D:1)
  A frilled lizard (D:1)
  2 kobolds
  3 rats (D:1)
26 creatures vanquished.

Notes
Turn   | Place    | Note
-------+----------+-------------------------------------------
     0 | D:1      | fireball365 the Hill Orc Fighter began the quest for the
                  | Orb.
     0 | D:1      | Reached XP level 1. HP: 19/19 MP: 1/1
   493 | D:1      | Reached skill level 3 in Axes
   515 | D:1      | Reached XP level 2. HP: 26/27 MP: 2/2
  1259 | D:2      | Reached XP level 3. HP: 26/33 MP: 3/3
  1282 | D:2      | Reached skill level 4 in Axes
  1328 | D:2      | HP: 1/33 [poisoned by an adder]
  1328 | D:2      | Slain by an adder

Illustrated notes

Levels and vault maps discovered:
D:1:      denvon_arrival_waterhouse, layout_loops_cross, minmay_misc_feat_alley,
          hangedman_decor_lopped, st_stairs_6
D:2:      layout_rooms, basic_altar, chequers_decorated_corner, nicolae_titane

Skill      XL: |  1  2  3 |
---------------+----------+-----
Axes           | 3 4 |  4.3
Fighting       | |  3.7
Armour         | |  3.8
Shields        | |  3.3

Action                   || total
-------------------------++-------
Melee: War axe           ||    76
Armor: Chain mail        ||    78
       Scale mail        ||     1
Dodge: Dodged            ||    50
Block: Buckler           ||    28
